 Dungeon Crawl Stone Soup version 0.17.1-2-g5865329 (webtiles) character file.

157 ImaNewbie the Spear-Bearer (level 5, -4/61 HPs)
             Began as a Merfolk Berserker on Jan 26, 2016.
             Was a Believer of Trog.
             Shot with an arrow by a centaur (10 damage)
             ... on level 3 of the Dungeon.
             The game lasted 00:08:10 (2876 turns).

ImaNewbie the Spear-Bearer (Merfolk Berserker)      Turns: 2876, Time: 00:08:10

Health: -4/61      AC:  2    Str: 22    XL:     5   Next: 38%
Magic:  5/5        EV: 13    Int:  6    God:    Trog [**....]
Gold:   137        SH:  0    Dex: 15    Spells: 0 memorised, 4 levels left

rFire  . . .     SeeInvis .     a - +0 spear
rCold  . . .     Clarity  .     b - +0 animal skin
rNeg   . . .     SustAt   .     (no shield)
rPois  .         Gourm    .     (no helmet)
rElec  .         Spirit   .     (no cloak)
rCorr  .         Warding  .     (no gloves)
rMut   .         Stasis   .     (no boots)
MR     ++...                    (no amulet)
Stlth  ..........               (no ring)
                                (no ring)

@: berserking, regenerating, very quick, very resistant to hostile enchantments,
extremely unstealthy
A: change form in water, swift swim
a: Berserk, Trog's Hand, Burn Spellbooks, Renounce Religion


You were on level 3 of the Dungeon.
You worshipped Trog.
Trog was pleased with you.
You were hungry.

You visited 1 branch of the dungeon, and saw 3 of its levels.

You collected 137 gold pieces.

Inventory:

Hand Weapons
 a - a +0 spear (weapon)
Armour
 b - a +0 animal skin (worn)
 m - a +0 chain mail of cold resistance
Scrolls
 d - 6 scrolls of identify {unknown}
 e - 2 scrolls of teleportation {unknown}
 f - a scroll of enchant weapon {unknown}
 g - a scroll of random uselessness {unknown}
 i - 2 scrolls of recharging {unknown}
 k - 2 scrolls of remove curse {unknown}
Potions
 l - a potion of brilliance {unknown}
 n - a potion of might {unknown}
 o - a potion of poison {unknown}
 p - a potion of curing {unknown}
Comestibles
 c - a bread ration
 h - a beef jerky
 j - a meat ration
 q - 3 chunks of flesh


   Skills:
 - Level 3.2 Fighting
 + Level 8.5 Polearms
 - Level 1.3 Armour
 - Level 2.6 Dodging


You had 4 spell levels left.
You didn't know any spells.

Dungeon Overview and Level Annotations

Branches:
Dungeon (3/15)

Altars:

Annotations:
D:1 exclusion: downstairs
D:2 Sigmund


Message History

The centaur shoots an arrow.
The arrow hits you!
* * * LOW HITPOINT WARNING * * *
You are too injured to fight recklessly!
You are too injured to fight recklessly!
Okay, then.
Unknown command.
Your skin crawls.
You feel resistant to hostile enchantments.
You feel slightly more hungry. The giant gecko misses you.
The centaur shoots an arrow.
The arrow hits you!
* * * LOW HITPOINT WARNING * * *
A red film seems to cover your vision as you go berserk!
You feel yourself moving faster!
You feel mighty!
You are feeling hungry.
The giant gecko closely misses you.
The centaur shoots an arrow.
The arrow closely misses you.
The giant gecko bites you but does no damage.
You closely miss the giant gecko.
The centaur shoots an arrow.
The arrow hits you!
You die...

#...........
#........c.. #..
#........>.. #.#
#...[....... #.#
#........... #.#
#........... #.####
#...l.......####....#
#...@.......##.......
#...(.......#........
#...........#......[.
###...$.......#........
#.............#.....)..
#.#...........#........
#.#...........#.#######
#.#...##.######.#
.........######.#


You could see a centaur and a giant gecko.

Vanquished Creatures
  Terence (D:2)
  4 gnolls (D:2)
  4 adders (D:2)
  An ooze (D:1)
  2 worms (D:2)
  2 giant geckos
  5 bats
  6 goblins
  6 hobgoblins
  2 jackals (D:3)
  3 giant cockroaches
  2 giant newts
  5 kobolds
  A quokka (D:3)
  4 rats
48 creatures vanquished.

Notes
Turn   | Place    | Note
--------------------------------------------------------------
     0 | D:1      | ImaNewbie the Merfolk Berserker began the quest for the Orb.
     0 | D:1      | Reached XP level 1. HP: 18/18 MP: 1/1
   156 | D:1      | Reached skill level 5 in Polearms
   353 | D:1      | Reached XP level 2. HP: 24/24 MP: 2/2
   832 | D:2      | Noticed Sigmund
   956 | D:2      | Reached skill level 6 in Polearms
   956 | D:2      | Reached XP level 3. HP: 24/29 MP: 3/3
  1091 | D:2      | Reached ** piety under Trog
  1101 | D:2      | Reached skill level 7 in Polearms
  1101 | D:2      | Reached XP level 4. HP: 27/35 MP: 4/4
  1456 | D:2      | Noticed Terence
  1464 | D:2      | Killed Terence
  1546 | D:2      | Reached skill level 8 in Polearms
  1546 | D:2      | Reached XP level 5. HP: 25/41 MP: 5/5
  2871 | D:3      | Noticed a centaur
  2876 | D:3      | Shot with an arrow by a centaur

Action                   |  1- 3 |  4- 6 || total
-------------------------+-------+-------++-------
Melee: Spear             |    85 |   127 ||   212
Invok: Berserk           |     1 |     2 ||     3
       Trog's Hand       |       |     1 ||     1
  Eat: Chunk             |     1 |     7 ||     8
